[ AOE2 MATCH · #463156837 ]
UnrankedItalians vs Bulgarians
Player's team · LOSS
Rival team · WIN
[ REPLAY ANALYSIS · EXTRACTED FROM THE RECORDED GAME ]
Feudal
10:05
Castle
19:05
Imperial
—
| APM avg | 12.1 |
| APM peak | 37 |
| eAPM avg | 9.0 |
| Villagers / military | 43 / 43 |
Focus
⚔️ 33.6% · 🌾 66.4%
Scout Cavalry ×20 · Spearman ×9 · Knight ×5 · Skirmisher ×4 · Militia ×4 · Archer ×1
Feudal
—
Castle
—
Imperial
—
| APM avg | 14.4 |
| APM peak | 57 |
| eAPM avg | 9.0 |
| Villagers / military | 73 / 74 |
Focus
⚔️ 21.9% · 🌾 78.1%
Militia ×72 · Spearman ×2
Match map
Initial resources + every placement click. Lines = walls · curves = elevation contours. ◆ gold · ⬟ stone · ● berries · ✦ relic · ◌ wall gap
Your base· ✓ Map-separated
Knxllte's base· ✓ Map-separated
Smoothed initial terrain · ◌ = detected wall gap · hover for details
Inputs per minute
— beowulf210290 - - Knxllte
Build order — beowulf210290
148 actions detected in the replay
| 0:02 | Create | Villager (Male) |
| 0:02 | Create | Villager (Male) |
| 0:02 | Create | Villager (Male) |
| 0:02 | Create | Villager (Male) |
| 0:05 | Build | House |
| 0:08 | Build | House |
| 1:56 | Build | Lumber Camp |
| 2:21 | Create | Villager (Male) |
| 2:42 | Create | Villager (Male) |
| 2:52 | Create | Villager (Male) |
| 2:54 | Create | Villager (Male) |
| 3:34 | Create | Villager (Male) |
| 3:59 | Create | Villager (Male) |
| 4:35 | Create | Villager (Male) |
| 4:36 | Create | Villager (Male) |
| 4:46 | Build | House |
| 4:48 | Build | House |
| 6:17 | Research | Loom |
| 6:25 | Build | House |
| 6:44 | Create | Villager (Male) |
| 7:06 | Build | House |
| 7:18 | Build | Mill |
| 7:20 | Create | Villager (Male) |
| 7:44 | Build | Lumber Camp |
| 7:55 | Research | Feudal Age |
| 9:03 | Build | Farm |
| 10:05 | Age | Feudal Age |
| 10:12 | Build | Market |
| 10:19 | Build | Blacksmith |
| 10:24 | Create | Villager (Male) |
| 10:24 | Create | Villager (Male) |
| 10:24 | Create | Villager (Male) |
| 10:25 | Create | Villager (Male) |
| 10:25 | Create | Villager (Male) |
| 10:25 | Create | Villager (Male) |
| 10:27 | Create | Villager (Male) |
| 10:27 | Create | Villager (Male) |
| 10:46 | Research | Horse Collar |
| 11:02 | Build | Farm |
| 11:21 | Research | Double-Bit Axe |
| 11:38 | Build | Farm |
| 11:38 | Build | Farm |
| 11:39 | Build | Farm |
| 11:48 | Build | Farm |
| 11:50 | Build | Farm |
| 11:51 | Build | Farm |
| 11:51 | Build | Farm |
| 11:51 | Build | Farm |
| 11:54 | Build | Farm |
| 12:37 | Build | Farm |
| 12:46 | Build | Farm |
| 13:09 | Build | Farm |
| 13:38 | Build | Barracks |
| 13:44 | Research | Wheelbarrow |
| 13:57 | Build | Farm |
| 14:04 | Build | Farm |
| 14:36 | Build | Lumber Camp |
| 15:17 | Create | Villager (Male) |
| 15:17 | Create | Villager (Male) |
| 15:48 | Build | Farm |
| 15:59 | Build | Archery Range |
| 16:01 | Build | Archery Range |
| 16:09 | Create | Spearman |
| 16:21 | Build | Farm |
| 16:25 | Research | Castle Age |
| 17:03 | Build | Mining Camp |
| 17:12 | Build | Archery Range |
| 17:43 | Research | Padded Archer Armor |
| 17:45 | Research | Fletching |
| 18:40 | Create | Spearman |
| 18:40 | Create | Spearman |
| 18:40 | Create | Spearman |
| 18:41 | Create | Spearman |
| 18:41 | Create | Spearman |
| 18:41 | Create | Spearman |
| 18:58 | Create | Skirmisher |
| 18:59 | Create | Skirmisher |
| 19:00 | Create | Skirmisher |
| 19:00 | Create | Skirmisher |
| 19:05 | Age | Castle Age |
| 19:06 | Research | Man-at-Arms (upgrade) |
| 20:12 | Create | Archer |
| 20:26 | Create | Spearman |
| 20:26 | Create | Spearman |
| 20:39 | Research | Man-at-Arms (upgrade) |
| 20:39 | Create | Militia |
| 21:03 | Build | Stable |
| 21:04 | Build | Stable |
| 21:06 | Build | Stable |
| 21:19 | Create | Militia |
| 21:19 | Create | Militia |
| 21:19 | Create | Militia |
| 22:16 | Create | Knight |
| 22:17 | Create | Knight |
| 22:17 | Create | Knight |
| 22:36 | Research | Bow Saw |
| 22:39 | Research | Scale Barding Armor |
| 24:35 | Research | Light Cavalry (upgrade) |
| 24:36 | Create | Scout Cavalry |
| 24:36 | Create | Scout Cavalry |
| 24:36 | Create | Scout Cavalry |
| 24:37 | Create | Scout Cavalry |
| 24:37 | Create | Scout Cavalry |
| 24:37 | Create | Scout Cavalry |
| 24:38 | Create | Scout Cavalry |
| 25:13 | Build | Mining Camp |
| 25:32 | Create | Villager (Male) |
| 25:33 | Create | Villager (Male) |
| 25:33 | Create | Villager (Male) |
| 26:03 | Create | Scout Cavalry |
| 26:09 | Build | Farm |
| 26:24 | Build | Stable |
| 27:20 | Create | Knight |
| 27:23 | Create | Scout Cavalry |
| 27:24 | Create | Scout Cavalry |
| 27:38 | Build | Farm |
| 27:38 | Build | Farm |
| 27:38 | Build | Farm |
| 27:38 | Build | Farm |
| 27:55 | Create | Scout Cavalry |
| 27:55 | Create | Scout Cavalry |
| 28:22 | Create | Villager (Male) |
| 28:23 | Create | Villager (Male) |
| 28:23 | Create | Villager (Male) |
| 30:29 | Create | Scout Cavalry |
| 30:30 | Create | Scout Cavalry |
| 30:33 | Create | Scout Cavalry |
| 30:33 | Create | Scout Cavalry |
| 31:16 | Create | Knight |
| 31:40 | Build | Town Center |
| 32:20 | Create | Scout Cavalry |
| 32:20 | Create | Scout Cavalry |
| 32:20 | Create | Scout Cavalry |
| 33:29 | Create | Villager (Male) |
| 33:29 | Create | Villager (Male) |
| 33:30 | Create | Villager (Male) |
| 33:30 | Create | Villager (Male) |
| 33:30 | Create | Villager (Male) |
| 33:31 | Create | Villager (Male) |
| 33:31 | Create | Villager (Male) |
| 33:42 | Create | Villager (Male) |
| 33:42 | Create | Villager (Male) |
| 33:43 | Create | Villager (Male) |
| 33:43 | Create | Villager (Male) |
| 34:10 | Create | Scout Cavalry |
| 34:16 | Build | Farm |
| 34:35 | Create | Villager (Male) |
| 34:35 | Create | Villager (Male) |
Build order — Knxllte
141 actions detected in the replay
| 0:01 | Create | Villager (Male) |
| 0:01 | Create | Villager (Male) |
| 0:02 | Create | Villager (Male) |
| 0:02 | Create | Villager (Male) |
| 0:04 | Build | House |
| 0:06 | Build | House |
| 1:36 | Create | Villager (Male) |
| 2:17 | Create | Villager (Male) |
| 2:17 | Create | Villager (Male) |
| 2:18 | Research | Loom |
| 2:55 | Create | Villager (Male) |
| 3:30 | Build | Mill |
| 3:48 | Build | Mill |
| 3:56 | Create | Villager (Male) |
| 4:21 | Create | Villager (Male) |
| 4:21 | Create | Villager (Male) |
| 4:21 | Create | Villager (Male) |
| 4:21 | Create | Villager (Male) |
| 5:16 | Build | House |
| 5:17 | Research | Loom |
| 5:39 | Create | Villager (Male) |
| 5:40 | Create | Villager (Male) |
| 5:40 | Create | Villager (Male) |
| 5:40 | Create | Villager (Male) |
| 5:41 | Create | Villager (Male) |
| 6:48 | Build | House |
| 7:24 | Build | Lumber Camp |
| 7:53 | Create | Villager (Male) |
| 7:53 | Create | Villager (Male) |
| 7:53 | Create | Villager (Male) |
| 7:55 | Create | Villager (Male) |
| 7:55 | Create | Villager (Male) |
| 8:52 | Research | Feudal Age |
| 9:03 | Build | Mining Camp |
| 10:45 | Build | Barracks |
| 11:12 | Create | Villager (Male) ×5 |
| 11:17 | Build | House |
| 11:21 | Build | House |
| 11:24 | Build | Blacksmith |
| 11:30 | Create | Militia ×3 |
| 11:30 | Create | Militia ×3 |
| 12:09 | Research | Forging |
| 12:16 | Research | Scale Mail Armor |
| 12:54 | Create | Villager (Male) |
| 12:54 | Create | Villager (Male) |
| 12:57 | Research | Horse Collar |
| 13:32 | Create | Villager (Male) |
| 13:32 | Create | Villager (Male) |
| 13:55 | Build | House |
| 14:23 | Create | Militia ×2 |
| 15:09 | Create | Villager (Male) |
| 15:17 | Build | Farm |
| 15:18 | Build | Farm |
| 15:19 | Build | Farm |
| 15:41 | Create | Villager (Male) |
| 15:42 | Create | Villager (Male) |
| 15:46 | Build | Farm |
| 16:01 | Research | Arson |
| 16:14 | Create | Villager (Male) |
| 16:19 | Build | Farm |
| 16:21 | Build | Farm |
| 16:22 | Build | Farm |
| 16:27 | Create | Villager (Male) |
| 16:27 | Create | Villager (Male) |
| 16:54 | Build | Farm |
| 16:56 | Build | Farm |
| 17:02 | Create | Villager (Male) |
| 17:06 | Create | Militia |
| 17:06 | Create | Militia |
| 17:09 | Build | House |
| 17:12 | Build | House |
| 17:18 | Create | Militia |
| 18:42 | Create | Villager (Male) |
| 18:43 | Create | Villager (Male) |
| 18:47 | Create | Militia ×5 |
| 18:47 | Create | Militia ×5 |
| 18:54 | Build | Farm |
| 18:56 | Build | Farm |
| 19:00 | Build | Farm |
| 19:31 | Build | Barracks |
| 19:41 | Research | Wheelbarrow |
| 19:42 | Create | Villager (Male) ×3 |
| 20:02 | Build | Farm |
| 20:03 | Build | Farm |
| 20:16 | Build | House |
| 20:18 | Build | House |
| 20:35 | Create | Militia ×5 |
| 20:46 | Build | House |
| 20:48 | Build | House |
| 22:02 | Build | Farm |
| 22:04 | Build | Farm |
| 22:07 | Build | Farm |
| 22:08 | Build | Farm |
| 22:32 | Create | Villager (Male) ×5 |
| 22:33 | Research | Town Watch |
| 23:00 | Build | Mining Camp |
| 23:33 | Create | Villager (Male) |
| 23:33 | Create | Villager (Male) |
| 23:40 | Build | Stable |
| 24:45 | Build | Lumber Camp |
| 24:47 | Research | Castle Age |
| 24:51 | Create | Militia ×5 |
| 24:51 | Create | Militia ×5 |
| 25:19 | Build | Barracks |
| 25:45 | Build | Farm |
| 26:09 | Build | Lumber Camp |
| 26:21 | Create | Spearman ×2 |
| 26:38 | Create | Militia ×5 |
| 26:39 | Create | Militia ×5 |
| 27:48 | Research | Squires |
| 27:49 | Research | Gambesons |
| 27:50 | Research | Pikeman (upgrade) |
| 27:53 | Research | Iron Casting |
| 27:53 | Research | Chain Mail Armor |
| 28:14 | Create | Villager (Male) ×2 |
| 28:14 | Create | Villager (Male) ×2 |
| 28:44 | Build | Town Center |
| 28:57 | Research | Chain Mail Armor |
| 29:06 | Create | Militia ×4 |
| 29:48 | Create | Villager (Male) ×5 |
| 29:49 | Create | Villager (Male) ×5 |
| 30:08 | Create | Militia ×2 |
| 30:08 | Create | Militia ×2 |
| 30:20 | Build | Farm |
| 30:21 | Build | Farm |
| 30:22 | Build | Farm |
| 30:29 | Build | Farm |
| 30:47 | Create | Militia ×5 |
| 31:00 | Build | Farm |
| 31:01 | Build | Farm |
| 31:03 | Build | Farm |
| 31:17 | Research | Town Watch |
| 31:18 | Create | Villager (Male) ×2 |
| 31:42 | Research | Double-Bit Axe |
| 33:01 | Create | Militia ×5 |
| 33:02 | Create | Militia ×5 |
| 33:02 | Create | Militia ×3 |
| 33:28 | Build | Krepost |
| 33:47 | Research | Hand Cart |
| 33:48 | Create | Villager (Male) |
| 34:13 | Create | Villager (Male) ×5 |
Match timeline
| 10:05 | beowulf210290 · age_up feudal |
| 10:45 | Knxllte · first_building Barracks |
| 13:38 | beowulf210290 · first_building Barracks |
| 14:45 | beowulf210290 · first_market_sell 100 stone |
| 15:59 | beowulf210290 · first_building Archery Range |
| 19:05 | beowulf210290 · age_up castle |
| 21:03 | beowulf210290 · first_building Stable |
| 23:40 | Knxllte · first_building Stable |
| 29:16 | beowulf210290 · first_market_buy 100 stone |
| 33:28 | Knxllte · first_building Krepost |
| 35:11 | beowulf210290 · resign |
[ AI ANALYSIS · 1 CREDIT ]
What really happened in this match?
Wolo.gg analyzes every decision: build order, eco, micro, common mistakes by bracket. Personalized analysis on WhatsApp or Discord in 30 seconds.
Civ guide
Italians
Perfil
Jugador #24924120